[Event "Team 45 45 League T52"]
[Site "Internet Chess Club"]
[Date "2012.03.01"]
[Round "3"]
[White "RedAttack"]
[Black "JustinL"]
[Result "1-0"]
[WhiteElo "1908"]
[BlackElo "1844"]
[Opening "Sicilian: Hungarian variation"]
[ECO "A04"]
[Time "16:45:56"]
[TimeControl "2700+45"]

1. Nf3 g6 2. e4 c5 3. Bc4 Nf6 4. O-O Nxe4 5. Nc3 Nxc3 6. dxc3 e6 7. Bg5 Be7 8.
Bh6 d5 9. Bb5+ Bd7 10. Bd3 Nc6 11. c4 d4 12. Qd2 Bf6 13. a3 Qe7 14. Rfb1 Ne5 15.
Nxe5 Bxe5 16. b4 Bc6 17. b5 Bd7 18. Re1 Bf6 19. Re2 e5 20. f4 Bg4 21. Ree1 O-O-O
22. Qa5 b6 23. Qa6+ Kb8 24. fxe5 Bxe5 25. Bg7 Bxh2+ 26. Kxh2 Qh4+ 27. Kg1 Rhe8
28. Be5+ Rxe5 29. Rxe5 Qg3 30. Rae1 Bf3 31. Bf1 Bb7 32. Qa4 d3 33. cxd3 Qf4 34.
Qd1 f5 35. Qe2 Be4 36. Rxe4 fxe4 37. Qxe4 Qd2 38. Qe5+ Kc8 39. Qe7 Rd7 40. Qe8+
Kc7 41. Re7 Rxe7 42. Qxe7+ Kb8 43. Qxh7 Qe3+ 44. Kh1 Qf2 45. Qg8+ Kc7 46. Qg7+
Kb8 47. Qe5+ Kc8 48. Qe2 Qh4+ 49. Kg1 Kd7 50. Qf2 Qe7 51. Be2 Qg5 52. Qf3 Ke7
53. Qe4+ Kf6 54. Bg4 Kg7 55. d4 Qc1+ 56. Kh2 Qxc4 57. Qe5+ Kh6 58. Qf4+ Kg7 59.
Qc7+ Kh6 60. Qxa7 Qxd4 61. Qd7 Qf4+ 62. Kg1 Qe3+ 63. Kh1 Qe1+ 64. Kh2 Qh4+ 65.
Bh3 Qf4+ 66. g3 Qe5 67. Qd2+ Kh5 68. a4 c4 69. Bg2 g5 70. Bf3+ g4 71. Qd5 Qxd5
72. Bxd5 c3 73. Bb3 Kg5 74. a5 bxa5 75. b6 Kf5 76. b7 a4 77. Bxa4 c2 78. Bxc2+
{Black resigns} 1-0

[Event "Team 45 45 League T52"]
[Site "Internet Chess Club"]
[Date "2012.03.03"]
[Round "3"]
[White "matein7"]
[Black "Reeza"]
[Result "0-1"]
[WhiteElo "1780"]
[BlackElo "1848"]
[Opening "Dutch"]
[ECO "A80"]
[Time "11:01:24"]
[TimeControl "2700+45"]

1. d4 f5 2. Nc3 Nf6 3. Bg5 d5 4. f3 c5 5. e4 Nc6 6. Bb5 fxe4 7. fxe4 Nxe4 8.
Nxe4 dxe4 9. Qe2 Qd5 10. h4 cxd4 11. Bc4 Qa5+ 12. Bd2 Qc5 13. Bb3 e3 14. Bc1
Qa5+ 15. Kf1 Qf5+ 16. Nf3 e5 17. Kg1 Bc5 18. Qb5 e4 19. Rh3 Rf8 {White resigns}
0-1

[Event "Team 45 45 League T52"]
[Site "Internet Chess Club"]
[Date "2012.03.04"]
[Round "3"]
[White "frank001"]
[Black "Packerfan"]
[Result "1-0"]
[WhiteElo "1729"]
[BlackElo "1859"]
[Opening "Pirc defense"]
[ECO "B07"]
[Time "20:02:48"]
[TimeControl "2700+45"]

1. d4 Nf6 2. Nc3 g6 3. e4 d6 4. f3 Bg7 5. Be3 O-O 6. Qd2 Nbd7 7. O-O-O b6 8. Kb1
c5 9. Nge2 Bb7 10. g4 cxd4 11. Nxd4 Ne5 12. h4 h5 13. gxh5 Nxh5 14. Bh6 a5 15.
Rg1 d5 16. Bxg7 Kxg7 17. Nf5+ Kg8 18. Qh6 e6 19. Qxh5 exf5 20. exf5 Qf6 21. fxg6
fxg6 22. Bd3 Nxd3 23. Rxg6+ Qg7 24. Rxg7+ Kxg7 25. cxd3 Rh8 26. Qe5+ Kh6 27.
Qf6+ Kh7 28. Qf7+ {Black resigns} 1-0

[Event "Team 45 45 League T52"]
[Site "Internet Chess Club"]
[Date "2012.03.05"]
[Round "3"]
[White "BYOB69"]
[Black "GrandUnified"]
[Result "1-0"]
[WhiteElo "1793"]
[BlackElo "1616"]
[Opening "Queen's pawn, Mason variation"]
[ECO "D00"]
[Time "20:01:53"]
[TimeControl "2700+45"]

1. d4 d5 2. Bf4 Nf6 3. e3 e6 4. Nf3 c5 5. c3 Nc6 6. Nbd2 cxd4 7. exd4 Bd6 8. Ne5
O-O 9. Bd3 Qc7 10. Ndf3 Ne4 11. Bg3 f6 12. Nxc6 bxc6 13. Bxd6 Qxd6 14. Qc2 Qf4
15. O-O e5 16. Rfe1 Bf5 17. Re3 exd4 18. Nxd4 Bg6 19. Ne6 Qh4 20. Nxf8 Kxf8 21.
f3 Qf4 22. Rae1 Nd6 23. Bxg6 hxg6 24. Qxg6 d4 25. Re7 {Black resigns} 1-0

[Event "Team 45 45 League T52"]
[Site "Internet Chess Club"]
[Date "2012.03.11"]
[Round "3"]
[White "barbak"]
[Black "Rodin7"]
[Result "0-1"]
[WhiteElo "1954"]
[BlackElo "1973"]
[Opening "Sicilian: Alapin's variation (2.c3)"]
[ECO "B22"]
[Time "09:45:09"]
[TimeControl "2700+45"]

1. e4 c5 2. c3 Nf6 3. e5 Nd5 4. d4 cxd4 5. Nf3 Nc6 6. Bc4 Nb6 7. Bb3 d5 8. exd6
Qxd6 9. O-O Be6 10. Bxe6 Qxe6 11. Nxd4 Nxd4 12. Qxd4 Rd8 13. Qh4 h5 14. h3 Qc4
15. Qg3 h4 16. Qf3 Qd5 17. Qg4 Qc4 18. Qf5 Qd5 19. Qf4 e6 20. Nd2 Bd6 21. Qg4
Be5 22. a4 Bf6 23. Ne4 Nc4 24. Re1 Ne5 25. Qf4 Nd3 26. Nxf6+ gxf6 27. Qxf6 Rg8
{White resigns} 0-1

[Event "Team 45 45 League T52"]
[Site "Internet Chess Club"]
[Date "2012.03.04"]
[Round "3"]
[White "Terlizzi"]
[Black "tsia68"]
[Result "1-0"]
[WhiteElo "1699"]
[BlackElo "1738"]
[Opening "Pirc: Holmov system"]
[ECO "B07"]
[Time "15:08:27"]
[TimeControl "2700+45"]

1. e4 d6 2. d4 Nf6 3. Nc3 g6 4. Bc4 Bg7 5. Nge2 O-O 6. O-O Nxe4 7. Nxe4 d5 8.
Bd3 dxe4 9. Bxe4 Nc6 10. c3 e5 11. d5 Ne7 12. Bg5 h6 13. Bxe7 Qxe7 14. Qd2 f5
15. Bc2 Rd8 16. Bb3 Be6 17. c4 c6 18. Rad1 cxd5 19. cxd5 Rd6 20. Qb4 Bf7 21.
Rfe1 Qd7 22. Nc3 a6 23. Na4 a5 24. Qc5 Raa6 25. Qe3 Qe7 26. Nc5 Rab6 27. Ne6 f4
28. Nxf4 Qg5 29. Ne6 Qxe3 30. fxe3 a4 31. Bxa4 Rxb2 32. Bb3 e4 33. Nc5 Bc3 34.
Rf1 Bd2 35. Rxd2 Rxd2 36. Nxe4 R2xd5 37. Nxd6 Rxd6 38. Rxf7 {Black resigns} 1-0

[Event "Team 45 45 League T52"]
[Site "Internet Chess Club"]
[Date "2012.03.01"]
[Round "3"]
[White "room-matt"]
[Black "AlexMano"]
[Result "1/2-1/2"]
[WhiteElo "1798"]
[BlackElo "1748"]
[Opening "Sicilian: Hungarian variation"]
[ECO "B27"]
[Time "15:10:33"]
[TimeControl "2700+45"]

1. e4 c5 2. Nf3 g6 3. d4 Bg7 4. Bc4 Nc6 5. d5 Ne5 6. Nxe5 Bxe5 7. Qf3 d6 8. Nc3
a6 9. Bf4 Bg7 10. O-O Nf6 11. h3 O-O 12. Rfe1 b5 13. Be2 b4 14. Nd1 Bb7 15. Bg5
Qc7 16. Ne3 Nd7 17. Rab1 Rae8 18. Ng4 Ne5 19. Nxe5 Bxe5 20. Bh6 Bg7 21. Bxg7
Kxg7 22. Bc4 f5 23. exf5 Rxf5 24. Qd3 Ref8 25. f3 a5 26. Re6 R8f7 27. Rbe1 Kf8
28. c3 Bc8 29. R6e4 R5f6 30. Rh4 Rf4 31. Rxf4 Rxf4 32. g3 Rf7 33. g4 Kg7 34. Re4
Qd8 35. f4 Qf8 36. Qg3 h6 37. h4 Bd7 38. Bd3 bxc3 39. bxc3 Bc8 40. h5 Bb7 41. c4
gxh5 42. gxh5+ Kh8 43. Kh2 Qg7 44. Qxg7+ Kxg7 45. Kg3 Bc8 46. Re1 {Game drawn by
mutual agreement} 1/2-1/2

[Event "Team 45 45 League T52"]
[Site "Internet Chess Club"]
[Date "2012.03.04"]
[Round "3"]
[White "wrimle"]
[Black "Ayensa80"]
[Result "0-1"]
[WhiteElo "1626"]
[BlackElo "1684"]
[Opening "Vienna gambit"]
[ECO "C29"]
[Time "15:02:39"]
[TimeControl "2700+45"]

1. e4 e5 2. Nc3 Nf6 3. f4 d6 4. Nf3 Nc6 5. Bb5 exf4 6. d4 Bd7 7. Bxf4 Be7 8. O-O
O-O 9. Ng5 a6 10. Bc4 Bg4 11. Qd2 b5 12. Bb3 Na5 13. Nd5 Nxb3 14. axb3 Nxd5 15.
exd5 Re8 16. Be3 Bf6 17. h3 Rxe3 18. Rxf6 Re2 19. Qd3 Qxf6 20. Qxh7+ Kf8 21.
Qh8+ Ke7 22. Qh4 Qxd4+ 23. Kh1 f6 24. Re1 Rxe1+ 25. Qxe1+ Qe5 26. Qa5 fxg5 27.
hxg4 Rh8+ 28. Kg1 Qd4+ 29. Kf1 Rf8+ 30. Ke1 Qe3+ {White resigns} 0-1

[Event "Team 45 45 League T52"]
[Site "Internet Chess Club"]
[Date "2012.03.02"]
[Round "3"]
[White "kasperloff"]
[Black "ben622"]
[Result "0-1"]
[WhiteElo "1966"]
[BlackElo "2040"]
[Opening "Grünfeld defense"]
[ECO "D80"]
[Time "14:00:44"]
[TimeControl "2700+45"]

1. d4 Nf6 2. c4 g6 3. Nc3 d5 4. e3 Bg7 5. Qb3 dxc4 6. Bxc4 O-O 7. Nf3 Nc6 8. Be2
Qd6 9. O-O Be6 10. Qc2 a6 11. Rd1 Nb4 12. Qb1 Bf5 13. e4 Nxe4 14. Nxe4 Qc6 15.
d5 Qc2 16. Ned2 Qxd1+ 17. Bxd1 Bxb1 18. Nxb1 Nxd5 19. Bb3 Rad8 20. Na3 Nb4 21.
Nc4 Nd3 22. Bg5 Nxb2 23. Nxb2 Bxb2 24. Re1 Bf6 25. Bxf6 exf6 26. Re7 Rc8 27. g3
b5 28. h4 c5 29. Bd5 Rcd8 30. Bb7 Rd6 31. g4 Rfd8 32. Kg2 Kg7 33. g5 a5 34.
gxf6+ Kxf6 35. Re5 R8d7 36. Be4 Re7 37. Rxe7 Kxe7 38. Kg3 c4 39. Ne1 Re6 {White
resigns} 0-1

[Event "Team 45 45 League T52"]
[Site "Internet Chess Club"]
[Date "2012.03.02"]
[Round "3"]
[White "tenor"]
[Black "room-matt"]
[Result "1/2-1/2"]
[WhiteElo "1767"]
[BlackElo "1796"]
[Opening "Ruy Lopez: Bird's defense"]
[ECO "C61"]
[Time "14:32:29"]
[TimeControl "2700+45"]

1. e4 e5 2. Nf3 Nc6 3. Bb5 Nd4 4. Nxd4 exd4 5. O-O Bc5 6. d3 c6 7. Bc4 d5 8.
exd5 cxd5 9. Re1+ Ne7 10. Bb3 O-O 11. Bg5 Re8 12. Nd2 a5 13. a3 a4 14. Ba2 b5
15. Nf3 Bb7 16. Re2 Qc7 17. Qd2 Ng6 18. Rae1 Rxe2 19. Qxe2 b4 20. axb4 Bxb4 21.
Bd2 Bd6 22. Bb1 h6 23. g3 Bc5 24. h4 Qb6 25. c3 Qxb2 26. cxd4 Bxd4 27. Nxd4 Qxd4
28. Be3 Qb4 29. d4 Ba6 30. Qd1 Bc4 31. Bd2 Qb5 32. Bc3 a3 33. Ba1 Re8 34. Bc2
Be2 35. Qb1 Qxb1 36. Bxb1 Bb5 37. Rxe8+ Bxe8 38. Ba2 Bc6 39. Bc3 Ne7 40. Kg2 Nf5
41. Kf3 f6 42. h5 Kf7 43. Kf4 Ke6 44. g4 Nd6 45. Bb4 Nb5 46. Ke3 f5 47. f3 fxg4
48. fxg4 Kf6 49. Kf4 g6 50. hxg6 Kxg6 51. Bb1+ Kf6 52. Ba2 {Game drawn by mutual
agreement} 1/2-1/2

[Event "Team 45 45 League T52"]
[Site "Internet Chess Club"]
[Date "2012.03.04"]
[Round "3"]
[White "SlimeDog2"]
[Black "SuperPeon"]
[Result "0-1"]
[WhiteElo "2069"]
[BlackElo "2213"]
[Opening "King's Indian: fianchetto, Panno variation"]
[ECO "E63"]
[Time "20:40:54"]
[TimeControl "2700+45"]

1. d4 Nf6 2. c4 d6 3. Nf3 g6 4. g3 Bg7 5. Bg2 O-O 6. Nc3 Nc6 7. O-O a6 8. Qd3
Nb4 9. Qd2 c5 10. d5 a5 11. e4 e6 12. a3 Na6 13. dxe6 Bxe6 14. Qd3 Qb6 15. Nb5
Rfd8 16. Rd1 Nc7 17. Nc3 Qa6 18. Bf1 Ng4 19. Bf4 Bf6 20. Rd2 Ne5 21. g4 Nxd3
{White resigns} 0-1

[Event "Team 45 45 League T52"]
[Site "Internet Chess Club"]
[Date "2012.03.04"]
[Round "3"]
[White "Pacini"]
[Black "katikus"]
[Result "1-0"]
[WhiteElo "2113"]
[BlackElo "1808"]
[Opening "Sicilian: Alapin's variation (2.c3)"]
[ECO "B22"]
[Time "13:14:39"]
[TimeControl "2700+45"]

1. e4 c5 2. c3 e6 3. d4 Nf6 4. e5 Nd5 5. Nf3 cxd4 6. cxd4 d6 7. Nc3 Nxc3 8. bxc3
Qc7 9. Bd2 Nd7 10. exd6 Bxd6 11. Bd3 b6 12. O-O Bb7 13. Re1 O-O 14. h3 Rac8 15.
Rc1 Bf4 16. Bxf4 Qxf4 17. Qd2 Qc7 18. Ng5 h6 19. Ne4 Rfd8 20. Qe3 Bxe4 21. Qxe4
Nf6 22. Qe2 Qd7 23. Bb5 Qd6 24. Ba6 Rc7 25. Qb2 Qf4 26. Re3 Nd5 27. Rf3 Qd6 28.
Bb5 Nf6 29. Re1 Rdc8 30. Qd2 Rd8 31. Rxf6 gxf6 32. Qxh6 Qd5 33. Re3 {Black
resigns} 1-0

[Event "Team 45 45 League T52"]
[Site "Internet Chess Club"]
[Date "2012.03.03"]
[Round "3"]
[White "dacarrelli"]
[Black "kidviper"]
[Result "0-1"]
[WhiteElo "1630"]
[BlackElo "1988"]
[Opening "Two knights defense"]
[ECO "C55"]
[Time "13:33:54"]
[TimeControl "2700+45"]

1. e4 e5 2. Nf3 Nc6 3. Bc4 Nf6 4. O-O Be7 5. d3 O-O 6. c3 d5 7. exd5 Nxd5 8. Re1
Bf6 9. Nbd2 Nb6 10. Bb5 a6 11. Bxc6 bxc6 12. Ne4 Re8 13. Bg5 Bxg5 14. Nfxg5 f6
15. Nf3 Bf5 16. Nc5 Bxd3 17. Nxd3 e4 18. Nh4 Qxd3 19. Qb3+ Qd5 20. Rad1 Qxb3 21.
axb3 Re5 22. Rd4 g5 23. Kh1 gxh4 {White resigns} 0-1

[Event "Team 45 45 League T52"]
[Site "Internet Chess Club"]
[Date "2012.03.04"]
[Round "3"]
[White "loudoun"]
[Black "musk6868"]
[Result "1-0"]
[WhiteElo "1759"]
[BlackElo "1876"]
[Opening "Sicilian: Grand Prix attack"]
[ECO "B23"]
[Time "21:17:26"]
[TimeControl "2700+45"]

1. e4 c5 2. Nc3 Nc6 3. f4 e6 4. Nf3 d5 5. Bb5 Ne7 6. exd5 exd5 7. Qe2 Qd6 8. Ne5
g6 9. Nxd5 Qxd5 10. Bc4 Qd4 11. Nxf7 Bf5 12. Nxh8 Qxh8 13. d3 Nd4 14. Qf2 O-O-O
15. O-O Nd5 16. c3 Nc6 17. Qf3 Nb6 18. Bb5 Bd7 19. f5 a6 20. Bxc6 Bxc6 21. Qf2
Nd5 22. Bg5 Re8 23. Rae1 Bd6 24. f6 h6 25. Bh4 g5 26. Qf5+ Kb8 27. f7 Rf8 28.
Bg3 Nf4 29. Bxf4 gxf4 30. Qg6 Bc7 31. Re6 Bd5 32. Re7 Be5 33. Re1 Bg7 34. Qd6+
{Black resigns} 1-0

[Event "Team 45 45 League T52"]
[Site "Internet Chess Club"]
[Date "2012.02.29"]
[Round "3"]
[White "moomaster"]
[Black "badmove"]
[Result "1-0"]
[WhiteElo "1606"]
[BlackElo "1665"]
[Opening "English: symmetrical, hedgehog system"]
[ECO "A05"]
[Time "16:26:52"]
[TimeControl "2700+45"]

1. Nf3 Nf6 2. c4 e6 3. g3 b6 4. Bg2 Bb7 5. O-O Be7 6. Nc3 c5 7. d4 d6 8. Qc2
Nbd7 9. e4 cxd4 10. Nxd4 Ne5 11. b3 O-O 12. Rd1 a6 13. f4 Ng6 14. e5 Bxg2 15.
exf6 {Black resigns} 1-0

[Event "Team 45 45 League T52"]
[Site "Internet Chess Club"]
[Date "2012.03.03"]
[Round "3"]
[White "houseofcook"]
[Black "Tjet"]
[Result "0-1"]
[WhiteElo "1506"]
[BlackElo "1494"]
[Opening "Philidor: exchange variation"]
[ECO "B07"]
[Time "14:01:47"]
[TimeControl "2700+45"]

1. e4 d6 2. d4 e5 3. Nf3 exd4 4. Qxd4 Nf6 5. Nc3 Nc6 6. Bb5 Bd7 7. Bxc6 Bxc6 8.
Bg5 Be7 9. O-O-O O-O 10. Rhe1 Re8 11. h3 Nd7 12. Bf4 Bf6 13. Qd2 Bxc3 14. Qxc3
Rxe4 15. Rxe4 Bxe4 16. Ng5 Bg6 17. Re1 Nf6 18. Qc4 Qd7 19. Ne4 Nxe4 20. Rxe4
Bxe4 21. Qxe4 Qe8 22. Qb4 a5 23. Qd2 Qe6 24. Kb1 Re8 25. Be3 b6 26. a3 c5 27. a4
d5 28. c3 Qe4+ 29. Kc1 d4 30. cxd4 cxd4 31. Bxd4 Qe1+ 32. Qxe1 Rxe1+ 33. Kd2 Re6
34. b3 Rc6 35. g3 f6 36. h4 Kf7 37. f3 Ke6 38. g4 Kd5 39. Kd3 g6 40. Bxf6 Rxf6
{White resigns} 0-1

[Event "Team 45 45 League T52"]
[Site "Internet Chess Club"]
[Date "2012.03.03"]
[Round "3"]
[White "dpmdpm"]
[Black "MateIn42"]
[Result "0-1"]
[WhiteElo "1437"]
[BlackElo "1372"]
[Opening "Scotch gambit: Benima defense"]
[ECO "C44"]
[Time "13:04:13"]
[TimeControl "2700+45"]

1. e4 e5 2. Nf3 Nc6 3. d4 exd4 4. Bc4 Be7 5. c3 d6 6. cxd4 Nf6 7. Nc3 a6 8. O-O
b5 9. Bd3 O-O 10. h3 Bb7 11. d5 Ne5 12. Nxe5 dxe5 13. a3 c6 14. dxc6 Bxc6 15.
Be3 Qd6 16. Qe2 Rad8 17. Rfd1 Qb8 18. f3 Nh5 19. Kh2 Nf4 20. Bxf4 exf4 21. Rac1
Bh4 22. Qc2 Bg3+ 23. Kh1 Rc8 24. Qb3 Qe5 25. Ne2 Bf2 26. Qc3 Rfe8 27. Qxe5 Rxe5
28. Nxf4 Be3 29. Ne2 Bxc1 30. Rxc1 Bd7 31. Nc3 Rec5 32. Rd1 Be6 33. f4 Bc4 34.
Bxc4 Rxc4 35. Rd6 R4c6 36. Rd3 Kf8 37. Kg1 Ke8 38. Kf2 Rd8 39. Ke3 Rxd3+ 40.
Kxd3 Kd7 41. f5 f6 42. Kd4 Kd6 43. b4 Rc4+ 44. Kd3 Ke5 45. g3 h5 46. h4 Rxc3+
47. Kxc3 Kxe4 48. Kb3 Kxf5 49. a4 Kg4 50. axb5 axb5 51. Kc3 Kxg3 52. Kd4 f5
{White resigns} 0-1

[Event "Team 45 45 League T52"]
[Site "Internet Chess Club"]
[Date "2012.03.03"]
[Round "3"]
[White "dabodhi"]
[Black "monkhammer"]
[Result "0-1"]
[WhiteElo "1174"]
[BlackElo "1425"]
[Opening "French: Winawer (Nimzovich) variation"]
[ECO "C15"]
[Time "16:00:28"]
[TimeControl "2700+45"]

1. e4 e6 2. d4 d5 3. Nc3 Bb4 4. Bd3 dxe4 5. Bxe4 Nf6 6. Bg5 h6 7. Bxf6 Qxf6 8.
Nf3 O-O 9. O-O Rd8 10. Ne5 Nd7 11. f4 c5 12. Nb5 Nxe5 13. fxe5 Qh4 14. Qf3 Qe7
15. Nd6 Rf8 16. Qh5 cxd4 17. Bh7+ Kxh7 18. Rxf7 Rxf7 19. Nxf7 Bd7 20. h4 Rf8 21.
Ng5+ Kg8 22. Qg6 hxg5 {White resigns} 0-1

[Event "Team 45 45 League T52"]
[Site "Internet Chess Club"]
[Date "2012.03.06"]
[Round "3"]
[White "pudge"]
[Black "Constrictor"]
[Result "0-1"]
[WhiteElo "1583"]
[BlackElo "1715"]
[Opening "Caro-Kann: exchange, Rubinstein variation"]
[ECO "B13"]
[Time "20:04:38"]
[TimeControl "2700+45"]

1. e4 c6 2. d4 d5 3. exd5 cxd5 4. Bd3 Nc6 5. c3 Nf6 6. Bf4 Bg4 7. Qb3 Qd7 8. Nd2
e6 9. h3 Bh5 10. Ngf3 a6 11. Qc2 Bg6 12. O-O b5 13. Ne5 Bxd3 14. Qxd3 Qb7 15. a3
Be7 16. Rae1 O-O 17. Qg3 Nh5 18. Qg4 Nxf4 19. Qxf4 a5 20. Ndf3 Nxe5 21. Nxe5 Bd6
22. Qg4 b4 23. f4 bxc3 24. bxc3 Qc8 25. Re3 Ra6 26. Rg3 g6 27. f5 exf5 28. Rxf5
Bxe5 29. dxe5 Kh8 30. Qg5 Qxf5 31. Qh6 Rg8 32. Rf3 Qh5 33. Qf4 Rf8 34. Qd4 Re6
35. Qxd5 Qxe5 36. Qb7 Rf6 {White resigns} 0-1

[Event "Team 45 45 League T52"]
[Site "Internet Chess Club"]
[Date "2012.03.05"]
[Round "3"]
[White "tworivers"]
[Black "FractalDante"]
[Result "0-1"]
[WhiteElo "1451"]
[BlackElo "1493"]
[Opening "Queen's pawn: London system"]
[ECO "A45"]
[Time "18:00:12"]
[TimeControl "2700+45"]

1. d4 Nf6 2. Bf4 e6 3. e3 c5 4. c3 cxd4 5. exd4 b6 6. Nf3 Be7 7. Nbd2 Bb7 8. Bd3
O-O 9. Qc2 d6 10. O-O Nbd7 11. Ne4 Nxe4 12. Bxe4 Bxe4 13. Qxe4 Nf6 14. Qe2 Qd7
15. Rfe1 Rac8 16. a4 Rc7 17. a5 b5 18. Rec1 Rfc8 19. a6 Nd5 20. Bd2 Rb8 21. Qf1
Qc8 22. Ra5 Qd7 23. Rca1 Qc6 24. Qd3 b4 25. Ne1 bxc3 26. bxc3 Rb3 27. Rb1 Rxb1
28. Qxb1 Nxc3 29. Qb8+ Bf8 30. Bf4 Ne2+ 31. Kf1 Nxf4 32. Rb5 Qc4+ 33. Kg1 Ne2+
34. Kh1 Nxd4 35. h3 Nxb5 {White resigns} 0-1

[Event "Team 45 45 League T52"]
[Site "Internet Chess Club"]
[Date "2012.03.06"]
[Round "3"]
[White "BosqueVerde"]
[Black "medsurg"]
[Result "0-1"]
[WhiteElo "1242"]
[BlackElo "1375"]
[Opening "QGD: Marshall defense"]
[ECO "D43"]
[Time "21:00:32"]
[TimeControl "2700+45"]

1. d4 Nf6 2. c4 d5 3. Nc3 c6 4. Bg5 e6 5. Nf3 Be7 6. e3 Nbd7 7. cxd5 exd5 8. Bd3
O-O 9. O-O Re8 10. Bxf6 Nxf6 11. Qc2 Bd6 12. h3 b5 13. Ne2 Bb7 14. Ng5 h6 15.
Bh7+ Kf8 16. Nxf7 Qe7 17. Nxd6 Qxd6 18. Qf5 Bc8 19. Qf3 Be6 20. Bg6 Bf7 21. Nf4
Re7 22. Rac1 Rc8 23. Bxf7 Rxf7 24. Ng6+ Kg8 25. Ne5 Rff8 26. Ng6 Rf7 27. Qf5
Rcc7 28. Ne5 Rf8 29. Rc2 Ne4 30. Qg4 c5 31. dxc5 Qxe5 32. c6 Qd6 33. Rfc1 a5 34.
f3 Nf6 35. Qg6 Re8 36. Kf2 Ne4+ 37. fxe4 Qxg6 38. exd5 Qf5+ 39. Kg1 Qxd5 40. Rc5
Qd2 41. Rxb5 Qxc1+ {White resigns} 0-1

[Event "Team 45 45 League T52"]
[Site "Internet Chess Club"]
[Date "2012.03.04"]
[Round "3"]
[White "zap2"]
[Black "ElMarginal"]
[Result "1-0"]
[WhiteElo "1766"]
[BlackElo "1452"]
[Opening "Réti: King's Indian attack (Barcza system)"]
[ECO "A07"]
[Time "14:26:27"]
[TimeControl "2700+45"]

1. Nf3 d5 2. g3 Nf6 3. Bg2 c6 4. O-O Nbd7 5. d3 e5 6. Nbd2 Bc5 7. e4 O-O 8. a4
dxe4 9. dxe4 Qc7 10. Qe2 a5 11. Nc4 b5 12. axb5 cxb5 13. Ncd2 Ba6 14. Ne1 b4 15.
Nd3 Bb6 16. Nb3 Bb5 17. Qd1 Rfd8 18. Be3 a4 19. Bxb6 Nxb6 20. Nbc1 Nc4 21. Qe1
Qe7 22. Qxb4 Qxb4 23. Nxb4 Nxb2 24. Re1 Rd4 25. Nd5 Nxd5 26. exd5 f6 27. Nb3 Rb4
28. Reb1 Nc4 29. Nc5 Rxb1+ 30. Rxb1 Nd6 31. Nb7 Nxb7 32. Rxb5 Nd6 33. Rb1 a3 34.
Bf1 Kf8 35. c4 Ke7 36. c5 Ne4 37. Rb7+ Kf8 38. c6 a2 39. c7 Nd6 40. Rb8+ Nc8 41.
Rxa8 {Black resigns} 1-0

[Event "Team 45 45 League T52"]
[Site "Internet Chess Club"]
[Date "2012.03.02"]
[Round "3"]
[White "tryanything"]
[Black "Nathan-L"]
[Result "0-1"]
[WhiteElo "1548"]
[BlackElo "1612"]
[Opening "French: Steinitz variation"]
[ECO "C11"]
[Time "18:00:20"]
[TimeControl "2700+45"]

1. e4 e6 2. d4 d5 3. Nc3 Nf6 4. e5 Nfd7 5. Nf3 c5 6. Bg5 Qb6 7. b3 Nc6 8. Na4
Qa5+ 9. Bd2 Qc7 10. c3 cxd4 11. cxd4 a6 12. Be2 b5 13. Nb2 Qb6 14. Be3 Bb4+ 15.
Kf1 Bc3 16. Rb1 O-O 17. Qd3 Bxb2 18. Rxb2 Bb7 19. h4 Ne7 20. h5 Nf5 21. g4 Nxe3+
22. Qxe3 f6 23. h6 g6 24. exf6 Nxf6 25. Qe5 Rf7 26. Ng5 Nd7 27. Qxe6 Qxe6 28.
Nxe6 Re8 29. Nc5 Nxc5 30. dxc5 Re4 31. Rc2 Bc6 32. g5 d4 33. Rh3 Re5 34. Rg3
Rff5 35. Rd2 Rxg5 36. Rxg5 Rxg5 37. Rxd4 Rxc5 38. f4 Rd5 39. Rxd5 Bxd5 40. Bd3
Kf7 41. Kf2 Kf6 42. Kg3 Be6 43. Be4 Bf5 44. Bb7 a5 45. a3 g5 46. b4 axb4 47.
axb4 Kg6 48. fxg5 Kxg5 49. Bc6 Bd3 50. Kf3 Kxh6 51. Ke3 Bc4 52. Kd4 Kg5 53. Kc5
h5 54. Bxb5 Bxb5 55. Kxb5 h4 56. Ka6 h3 57. b5 h2 58. b6 h1=Q 59. b7 Qa1+ 60.
Kb6 Qb2+ 61. Ka7 Qa3+ 62. Kb8 Kf6 63. Kc7 Qc5+ 64. Kd8 Qd6+ 65. Kc8 Qc6+ 66. Kb8
Ke7 67. Ka7 Qc7 68. Ka8 Qa5+ 69. Kb8 Kd6 70. Kc8 Qc7# {White checkmated} 0-1

[Event "Team 45 45 League T52"]
[Site "Internet Chess Club"]
[Date "2012.03.04"]
[Round "3"]
[White "mongmong"]
[Black "PostMike"]
[Result "1/2-1/2"]
[WhiteElo "1618"]
[BlackElo "1438"]
[Opening "Queen's pawn: Yusupov-Rubinstein system"]
[ECO "A46"]
[Time "14:34:21"]
[TimeControl "2700+45"]

1. d4 Nf6 2. Nf3 e6 3. e3 c5 4. c3 b6 5. Bd3 Bb7 6. Nbd2 cxd4 7. cxd4 Bb4 8. O-O
O-O 9. a3 Bxd2 10. Bxd2 Be4 11. Bxe4 Nxe4 12. Bb4 Re8 13. Nd2 Nxd2 14. Bxd2 d5
15. Qb3 Nd7 16. Rac1 Rc8 17. Rxc8 Qxc8 18. Rc1 Qb8 19. Rc3 Rc8 20. Qc2 Rxc3 21.
Qxc3 Qb7 22. b4 b5 23. g3 Nb6 24. Bc1 Nc4 25. Bb2 {Game drawn by mutual
agreement} 1/2-1/2

[Event "Team 45 45 League T52"]
[Site "Internet Chess Club"]
[Date "2012.03.01"]
[Round "3"]
[White "Aquaman"]
[Black "seattleblues"]
[Result "0-1"]
[WhiteElo "1210"]
[BlackElo "1481"]
[Opening "Réti v Dutch"]
[ECO "A04"]
[Time "21:00:22"]
[TimeControl "2700+45"]

1. Nf3 f5 2. d3 Nf6 3. g3 d6 4. Bg2 e5 5. e3 Be7 6. O-O O-O 7. c3 Kh8 8. Qb3 Qe8
9. Ng5 c6 10. f4 Ng4 11. Ne6 Bxe6 12. Qxb7 Nd7 13. Bxc6 Qh5 14. h4 Bxh4 15. Kg2
Bxg3 16. Rh1 Bh2 17. Bf3 Qh4 18. Bxg4 Qg3+ 19. Kf1 Nc5 20. Qg2 Qxg2+ 21. Kxg2
Bxf4 22. exf4 fxg4 23. d4 Nd3 24. Be3 exf4 25. Rd1 Bd5+ 26. Kg1 fxe3 27. Rxd3 e2
28. Na3 Rae8 29. Re1 Rf3 30. Rd2 Rg3+ 31. Kf2 Rg2# {White checkmated} 0-1

[Event "Team 45 45 League T52"]
[Site "Internet Chess Club"]
[Date "2012.03.06"]
[Round "3"]
[White "Dracoac"]
[Black "badmove"]
[Result "1-0"]
[WhiteElo "1819"]
[BlackElo "1625"]
[Opening "Catalan: open, 5.Nf3"]
[ECO "E04"]
[Time "16:14:36"]
[TimeControl "2700+45"]

1. Nf3 d5 2. d4 Nf6 3. c4 e6 4. g3 dxc4 5. Bg2 b5 6. Ne5 Nd5 7. O-O Bb7 8. a4 c6
9. b3 cxb3 10. Qxb3 a6 11. axb5 Qb6 12. Qf3 Nf6 13. bxc6 Nxc6 14. Nxc6 Rc8 15.
d5 Nxd5 16. Ne5 Qc7 17. Bb2 Nf6 {Black resigns} 1-0

[Event "Team 45 45 League T52"]
[Site "Internet Chess Club"]
[Date "2012.03.04"]
[Round "3"]
[White "BrandonBee"]
[Black "beitmery"]
[Result "1-0"]
[WhiteElo "1596"]
[BlackElo "1700"]
[Opening "French: Steinitz, Boleslavsky variation"]
[ECO "C11"]
[Time "09:12:45"]
[TimeControl "2700+45"]

1. e4 e6 2. d4 d5 3. Nc3 Nf6 4. e5 Nfd7 5. f4 c5 6. Nf3 Nc6 7. Be3 Qb6 8. Na4
Qa5+ 9. c3 b6 10. dxc5 Nxc5 11. b4 Qxa4 12. bxc5 Qxd1+ 13. Rxd1 bxc5 14. Bb5 Bd7
15. O-O Nxe5 16. Rb1 Nxf3+ 17. Rxf3 Be7 18. Bxd7+ Kxd7 19. Rb7+ Ke8 20. Rf1 Bd8
21. Bxc5 Bb6 22. Bxb6 axb6 23. Rxb6 Ke7 24. Ra1 Rhc8 25. Rb3 Rc4 26. g3 Rac8 27.
a4 Rxc3 28. Rxc3 Rxc3 29. a5 Rc7 30. a6 Ra7 31. Kf2 Kd6 32. Ke3 Kc5 33. g4 Kb6
34. Kd4 Rxa6 35. Rxa6+ Kxa6 36. f5 Kb5 37. h4 e5+ 38. Kxd5 f6 39. g5 Kb4 40. g6
hxg6 41. fxg6 Kc3 42. Ke4 Kc4 43. h5 f5+ 44. Kxe5 f4 45. Kxf4 Kd5 46. Kf5 Kd6
47. h6 gxh6 48. g7 Ke7 49. g8=Q {Black resigns} 1-0